 Seeded DCSS version 0.29-a0-350-g7790a0e70a (webtiles) character file.

Game seed: 7774103814747607012 (custom seed)

523 zeratav the Ruffian (level 7, -18/62 HPs)
             Began as a Naga Fighter on Apr 22, 2022.
             Was a Follower of Cheibriados.
             Demolished by Menkaure (21 damage)
             ... on level 5 of the Dungeon.
             The game lasted 00:06:03 (3262 turns).

zeratav the Ruffian (Naga Fighter)                  Turns: 3262, Time: 00:06:04

Health: -18/62     AC:  7    Str: 23    XL:     7   Next: 22%
Magic:  6/7        EV:  7    Int: 19    God:    Cheibriados [*.....]
Gold:   225        SH:  5    Dex: 18    Spells: 6/6 levels left

rFire   . . .      SeeInvis +   B - +8 short sword "Kuakk" {venom, +Blink Will+ Int+3, short}
rCold   . . .      Faith    .   b - +0 buckler
rNeg    . . .      Spirit   .   a - +0 scale mail
rPois   +          Reflect  .   (no helmet)
rElec   .          Harm     .   w - +0 cloak
rCorr   .          Rampage  .   (no gloves)
Will    +....                   (no barding)
Stlth   ..........              (no amulet)
HPRegen 0.20/turn               u - +6 ring of dexterity
MPRegen 0.10/turn               h - +6 ring of intelligence

@: very slow
A: AC +2, large, see invisible, deformed body, poison resistance, slowness 2,
spit poison 1, naga tail 1
a: Spit Poison, Renounce Religion, Evoke Blink, Bend Time


You were on level 5 of the Dungeon.
You worshipped Cheibriados.
Cheibriados was aware of your devotion.
You visited 1 branch of the dungeon, and saw 5 of its levels.

You collected 225 gold pieces.


Innate Abilities, Weirdness & Mutations

Your serpentine skin is tough. (AC +2)
You have supernaturally acute eyesight. (SInv)
Armour fits poorly on your strangely shaped body.
Your system is resistant to poisons. (rPois)
You cover ground very slowly.
You can spit poison.
You have a snake-like lower body.


   Skills:
 - Level 3.0 Fighting
 - Level 2.4 Armour
 - Level 2.4 Shields
 + Level 7.7 Unarmed Combat


You had 6 spell levels left.
You didn't know any spells.
Your spell library was empty.

Inventory:

Hand Weapons
 v - the +5 falchion of the Endless Expanse {freeze, rElec Int-4 SInv, long}
   (You found it on level 3 of the Dungeon)

   It freezes those it strikes, dealing additional cold damage.
   It can also slow down cold-blooded creatures.
   Int:       It affects your intelligence (-4).
   rElec:     It insulates you from electricity.
   SInv:      It lets you see invisible.
 B - the +8 short sword "Kuakk" (weapon) {venom, +Blink Will+ Int+3, short}
   (You found it on level 4 of the Dungeon)

   It poisons the flesh of those it strikes.
   Int:       It affects your intelligence (+3).
   +Blink:    It lets you blink.
   Will:      It increases your willpower.
Armour
 a - a +0 scale mail (worn)
 b - a +0 buckler (worn)
 f - a +0 leather armour
   (You found it on level 3 of the Dungeon)
 g - a scarf of invisibility
   (You found it on level 3 of the Dungeon)
 l - a +0 plate armour
   (You found it on level 3 of the Dungeon)
 m - a +0 robe
   (You found it on level 3 of the Dungeon)
 w - a +0 cloak (worn)
   (You found it on level 4 of the Dungeon)
 x - a +0 chain mail
   (You found it on level 4 of the Dungeon)
 y - a +0 scale mail
   (You found it on level 4 of the Dungeon)
 A - a +0 plate armour
   (You found it on level 4 of the Dungeon)
 C - a +0 leather armour
   (You found it on level 5 of the Dungeon)
 E - a +0 leather armour
   (You took it off Ijyb on level 5 of the Dungeon)
Jewellery
 h - a +6 ring of intelligence (right hand)
   (You found it on level 3 of the Dungeon)
 u - a +6 ring of dexterity (left hand)
   (You found it on level 3 of the Dungeon)
Wands
 r - a wand of polymorph (7)
   (You found it on level 2 of the Dungeon)
 t - a wand of acid (5)
   (You found it on level 3 of the Dungeon)
 z - a wand of digging (5)
   (You found it on level 4 of the Dungeon)
Scrolls
 d - 2 scrolls of fog {unknown}
 e - a scroll of magic mapping {unknown}
 i - a scroll of immolation {unknown}
 j - 3 scrolls of teleportation {unknown}
 n - a scroll of silence {unknown}
 o - a scroll of enchant weapon {unknown}
 p - 2 scrolls of identify {unknown}
 q - 2 scrolls of enchant armour {unknown}
 s - a scroll of vulnerability {unknown}
Potions
 c - 2 potions of might
 k - a potion of curing {@q1}
 D - a potion of lignification {!q}

Dungeon Overview and Level Annotations

Branches:
Dungeon (5/15)
 Temple: D:4-7

Altars:
Ashenzari
Cheibriados
Elyvilon
Hepliaklqana
Kikubaaqudgha
Okawaru
Ru
Uskayaw

Shops:
D:2 (

Annotations:
D:5 Menkaure

.# #....#..#..# .# .#
####....#..##.## ...
.###.........M....## ....
.#.#..........#....##....
...#...#.....####.......#
........##.#.#.#.........
#..........###.....##....
##....#.....##..M.## ...
.#.#..###.......@.# ..
...#######........#
#...#.#.##......###
..(.............###
.###..............#.
.####>..............
...##.......<.......
.#.##..............#
...#................


You could see Menkaure (fast).


Message History

No target in view!
No target in view!
No target in view!
No target in view!
No target in view!
Found an escape hatch in the ceiling.
D - a potion of lignification {!q} You now have 225 gold pieces (gained 2).
Ijyb the Twisted Goblin comes into view.
She is wielding a +0 dagger and carrying a wand of flame (1).
Ijyb shouts!
Ijyb hits you but does no damage. x2
You closely miss Ijyb. Ijyb hits you but does no damage.
You hit Ijyb. You block Ijyb's attack.
You hit Ijyb but do no damage.
Ijyb is poisoned.
You block Ijyb's attack.
You hit Ijyb.
Ijyb looks even sicker.
Ijyb hits you but does no damage.
You puncture Ijyb!
Ijyb screams, "It's all mine!"
Ijyb zaps a wand.
The puff of flame misses you.
The now-empty wand crumbles to dust.
You puncture Ijyb!
You kill Ijyb!
Cheibriados appreciates the change of pace.
E - a +0 leather armour
Things that are here:
a +0 dagger {short}; the goblin corpse of Ijyb
Things that are here:
a +0 dagger {short}; the goblin corpse of Ijyb A hound comes into view.
The hound barks!
You hear a shout!
Menkaure, Prince of Dust comes into view.
Menkaure shouts!
The hound bites you but does no damage. The hound closely misses you.
You hit the hound.
The hound is poisoned.
The hound bites you.
Menkaure calls on the powers of darkness!
Your body is wracked with pain!
* * * LOW HITPOINT WARNING * * *
The hound convulses!
You block the hound's attack.
HP[-32]
You take 32 damage, and now have 30/62 hp.
MASSIVE DAMAGE!! (PAUSE)
You hit the hound but do no damage.
The hound bites you but does no damage. x2
HP[+1]
You hit the hound.
The hound looks as sick as possible!
The hound stops to sniff the ground.
The hound bites you.
* * * LOW HITPOINT WARNING * * *
Menkaure calls on the powers of darkness!
Your body is wracked with pain!
* * * LOW HITPOINT WARNING * * *
HP[-16]
You take 16 damage, and now have 15/62 hp.
MASSIVE DAMAGE!! (PAUSE)
You barely miss the hound.
You kill the hound!
Cheibriados thoroughly appreciates the change of pace.
You can now bend time to slow others.
Cheibriados raises the support of your attributes as your movement slows.
You feel your strength returning.
You blink.
MP[-1]
You lost 1 mp, and now have 6/7 mp.
HP[+1]
Found a stone staircase leading down.
You feel stable enough to blink again.
HP[+1] MP[+1]
Your mp is fully restored (7).
Menkaure mumbles some strange words.
Menkaure seems to speed up.
HP[+1] HP[+1]
You blink.
MP[-1]
You lost 1 mp, and now have 6/7 mp.
Okay, then.
Menkaure hits you!
* * * LOW HITPOINT WARNING * * *
HP[-16]
You take 16 damage, and now have 3/62 hp.
MASSIVE DAMAGE!! (PAUSE)
You hit Menkaure. You block Menkaure's attack.
Okay, then.
It was a potion of curing.
You feel better.
Menkaure calls on the powers of darkness!
Your body is wracked with pain!
* * * LOW HITPOINT WARNING * * *
HP[+4]
You regained 4 hp, and now have 7/62 hp.
Aiming: Spit Poison (1% risk of failure)
Press: ? - help, Q - select action, (/) - cycle Shift-Dir - straight line, f - you That beam is likely to hit you.
Continue anyway?
Okay, then.
You puncture Menkaure!
You feel stable enough to blink again. Menkaure barely misses you.
Menkaure hits you.
* * * LOW HITPOINT WARNING * * *
HP[-4]
You take 4 damage, and now have 3/62 hp.
You barely miss Menkaure. Menkaure hits you!!
You die...

Skill      XL: |  1  2  3  4  5  6 |
---------------+-------------------+-----
Unarmed Combat | 3 4 5 6 7 |  7.7
Fighting       | |  3.0
Armour         | |  2.4
Shields        | |  2.4

Action                   |  1- 3 |  4- 6 |  7- 9 || total
-------------------------+-------+-------+-------++-------
Melee: Unarmed           |    13 |       |       ||    13
       Rapier            |   104 |       |       ||   104
       Falchion          |       |    65 |       ||    65
       Short sword       |       |     6 |    15 ||    21
 Abil: Spit Poison       |     9 |     7 |       ||    16
       Evoke Blink       |       |       |     2 ||     2
Evoke: Wand              |       |     1 |       ||     1
  Use: Potion            |       |     3 |     1 ||     4
Armor: Scale mail        |    60 |    29 |     7 ||    96
       Skin              |       |    15 |       ||    15
Dodge: Dodged            |    48 |    33 |     4 ||    85
Block: Buckler           |    22 |    22 |     5 ||    49

Levels and vault maps discovered:
D:1:      tarquinn_simple_flora_water_d, layout_basic,
          hellmonk_ecumenical_altar_lost_god
D:2:      layout_basic, serial_shops,
          nicolae_shop_temple_entry_statues_fountains
D:3:      layout_rooms, kennysheep_generic_room_13
D:4:      layout_loops_ring, grunt_temple_overflow_open,
          worldfamousw_hep_ancestral_shrine
D:5:      layout_cave_pools, lemuel_temple_firewalk_b, serial_gnoll_camp,
          gnoll_camp_huts_basic, grums_kennel, gnoll_camp_mini_house,
          gnoll_camp_mini_shop, gnoll_camp_mini_hut, uniq_menkaure, uniq_ijyb

Notes
Turn   | Place    | Note
-------+----------+-------------------------------------------
     0 | D:1      | zeratav the Naga Fighter began the quest for the Orb.
     0 | D:1      | Reached XP level 1. HP: 21/21 MP: 1/1
     0 | D:1      | magus.rc [v1.9.6]
   253 | D:1      | Reached XP level 2. HP: 28/28 MP: 2/2
   329 | D:1      | Found a faded altar of an unknown god.
   413 | D:1      | Reached skill level 3 in Unarmed Combat
   673 | D:1      | Reached XP level 3. HP: 30/34 MP: 3/3
   795 | D:2      | Found Joxaot's Weapon Shop.
  1249 | D:2      | Reached skill level 4 in Unarmed Combat
  1348 | D:3      | HP: 6/34 [kobold/+0 whip of electrocution (12)]
  1609 | D:3      | Reached XP level 4. HP: 40/42 MP: 4/4
  1655 | D:3      | Identified the +5 falchion of the Endless Expanse {freeze,
                  | rElec Int-4 SInv}
  2049 | D:4      | Found a snail-covered altar of Cheibriados.
  2106 | D:4      | Found an iron altar of Okawaru.
  2109 | D:4      | Found a broken altar of Ashenzari.
  2109 | D:4      | Found an ancient bone altar of Kikubaaqudgha.
  2112 | D:4      | Found a white marble altar of Elyvilon.
  2112 | D:4      | Found a hide-covered altar of Uskayaw.
  2113 | D:4      | Found a sacrificial altar of Ru.
  2114 | D:4      | Noticed a scorpion
  2115 | D:4      | Became a worshipper of Cheibriados the Contemplative
  2117 | D:4      | Killed a scorpion
  2118 | D:4      | Reached skill level 5 in Unarmed Combat
  2118 | D:4      | Reached XP level 5. HP: 49/49 MP: 5/5
  2436 | D:4      | Noticed a water moccasin
  2453 | D:4      | HP: 10/49 [water moccasin (6)]
  2454 | D:4      | Killed a water moccasin
  2455 | D:4      | Reached skill level 6 in Unarmed Combat
  2455 | D:4      | Reached XP level 6. HP: 8/56 MP: 6/6
  2733 | D:4      | Noticed a water moccasin
  2737 | D:4      | Killed a water moccasin
  2738 | D:4      | Reached skill level 7 in Unarmed Combat
  2785 | D:4      | Found a hazy altar of Hepliaklqana.
  2933 | D:4      | Identified the +8 short sword "Kuakk" {venom, +Blink Will+
                  | Int+3}
  3150 | D:5      | Entered Level 5 of the Dungeon
  3175 | D:5      | Reached XP level 7. HP: 59/62 MP: 7/7
  3215 | D:5      | Noticed Ijyb
  3222 | D:5      | Killed Ijyb
  3242 | D:5      | Noticed Menkaure
  3245 | D:5      | HP: 15/62 [??? (13)]
  3246 | D:5      | Reached * piety under Cheibriados
  3258 | D:5      | HP: 3/62 [Menkaure (16)]
  3262 | D:5      | Demolished by Menkaure

Vanquished Creatures
  2 water moccasins (D:4)
  A scorpion (D:4)
  3 hounds (D:5)
  Ijyb (D:5)
  3 gnolls (D:4)
  5 adders
  An ufetubus (D:5)
  3 worms
  A dart slug (D:3)
  An orc (D:3)
  6 endoplasms
  2 giant cockroaches (D:1)
  3 goblins
  7 hobgoblins
  3 jackals (D:1)
  A quokka (D:4)
  5 ball pythons
  4 bats
  3 frilled lizards
  9 kobolds
  8 rats
72 creatures vanquished.

Table legend:
 A = Non-vault XP
 B = Vault XP
 C = Vault XP percentage of total XP
 D = Non-vault monster count
 E = Vault monster count
 F = Vault count percentage of total count
                 A         B        C        D         E       F
            +---------+---------+-------+---------+---------+-------
      Total |     623 |     125 |  16.7 |      68 |       4 |   5.6
            +---------+---------+-------+---------+---------+-------
        D:1 |      49 |       0 |   0.0 |      23 |       0 |   0.0
        D:2 |      21 |       0 |   0.0 |      14 |       0 |   0.0
        D:3 |      49 |       4 |   7.5 |      12 |       1 |   7.7
        D:4 |     450 |       0 |   0.0 |      16 |       0 |   0.0
        D:5 |      54 |     121 |  69.1 |       3 |       3 |  50.0
            +---------+---------+-------+---------+---------+-------

Illustrated notes

Table legend:
 A = Kills in this place as a percentage of kills in entire the game.
 B = Kills by you in this place as a percentage of kills by you in the entire game.
 C = Kills by friends in this place as a percentage of kills by friends in the entire game.
 D = Other kills in this place as a percentage of other kills in the entire game.
 E = Experience gained in this place as a percentage of experience gained in the entire game.
 F = Experience gained in this place divided by the number of levels of this place that you have seen.
                   A       B       C       D       E      F
               +-------+-------+-------+-------+-------+----------------------
         Total | 100.0 | 100.0 |   N/A |   N/A | 100.0 | 149.6
       Dungeon | 100.0 | 100.0 |   N/A |   N/A | 100.0 | 149.6
               +-------+-------+-------+-------+-------+----------------------

Table legend: (Time is in decaauts)
 A = Elapsed time spent in this place.
 B = Non-inter-level travel time spent in this place.
 C = Inter-level travel time spent in this place.
 D = Time resting spent in this place.
 E = Time spent auto-exploring this place.
 F = Levels seen in this place.
 G = Mean time per level.
                   A        B        C        D        E       F      G
               +--------+--------+--------+--------+--------+-----+--------+
         Total |   4229 |   4079 |    150 |    524 |   2883 |   5 |  845.8 |
       Dungeon |   4229 |   4079 |    150 |    524 |   2883 |   5 |  845.8 |
               +--------+--------+--------+--------+--------+-----+--------+

Top non-repeatable levels by time:
     D:4: 1603 daAuts
     D:1: 1242 daAuts
     D:3: 623 daAuts
     D:2: 598 daAuts
     D:5: 162 daAuts
